 Dungeon Crawl Stone Soup version 0.31-a0-232-gb1c03b2570 (webtiles) character file.

Game seed: 8070296203215228896

334 qw the Shooter (level 6, -2/35 HPs)
             Began as a Gargoyle Hexslinger on July 7, 2023.
             Slain by a sixfirhy (6 damage)
             ... on level 1 of the Abyss.
             The game lasted 00:00:58 (1863 turns).

qw the Shooter (Gargoyle Hexslinger)                Turns: 1863, Time: 00:00:58

Health: -2/35      AC: 10    Str: 11    XL:     6   Next: 53%
Magic:  7/7        EV: 10    Int: 14    God:
Gold:   159        SH:  0    Dex: 14    Spells: 6/7 levels left

rFire   . . .        Y - +1 sling
rCold   . . .        (no shield)
rNeg    + . .        d - +0 ring mail
rPois   inf          (no helmet)
rElec   +            (no cloak)
rCorr   .            f - +0 pair of gloves
SInv    .            (no boots)
Will    .....        (no amulet)
Stlth   +            (no ring)
HPRegen 0.25/turn    (no ring)
MPRegen 0.10/turn

%: no passive effects
@: no status effects
A: sickness immunity, AC +4, negative energy resistance 1, electricity
resistance, torment resistance 1, petrification resistance
a: no special abilities


You were on level 1 of the Abyss.
You visited 1 branch of the dungeon, and saw 3 of its levels.
You visited the Abyss 1 time.

You collected 159 gold pieces.


Innate Abilities, Weirdness & Mutations

You are immune to sickness and miasma.
Your stone body is resilient. (AC +4)
You are immune to poison.
You resist negative energy. (rN+)
You are resistant to electric shocks. (rElec)
You are resistant to unholy torment.
You are immune to petrification.


   Skills:
 + Level 2.3 Fighting
 - Level 6.2 Ranged Weapons
 - Level 1.2 Armour
 - Level 1.5 Dodging
 - Level 1.0 Spellcasting
 - Level 2.6 Hexes


You had 6 spell levels left.
You knew the following spells:

 Your Spells              Type           Power      Damage    Failure   Level
a - Slow                  Hex            32%        N/A       21%         1

Your spell library contained the following spells:

 Spells                   Type           Power      Damage    Failure   Level
 Inner Flame              Hex/Fire       4%         N/A       71%         3
 Portal Projectile        Hex/Tloc       8%         N/A       71%         3
 Cause Fear               Hex            4%         N/A       90%         4

Inventory:

Hand Weapons
 Y - a +1 sling (weapon)
Armour
 d - a +0 ring mail (worn)
 f - a +0 pair of gloves (worn)
Scrolls
 b - a scroll of identify
 c - a scroll of brand weapon {unknown}
 e - a scroll of fog {unknown}
Potions
 a - a potion of magic {unknown}
 g - a potion of cancellation {unknown}

Dungeon Overview and Level Annotations

Branches:
Dungeon (3/15)

Altars:

Annotations:
D:3 Ijyb


Message History

The hobgoblin moves out of view.
Enter note:
Enter note: You shoot a sling bullet.
The sling bullet closely misses Ijyb.
You shoot a sling bullet. The sling bullet closely misses Ijyb.
The sling bullet hits the hobgoblin but does no damage.
You shoot a sling bullet. The sling bullet barely misses Ijyb.
The sling bullet hits the hobgoblin but does no damage.
You shoot a sling bullet. The sling bullet barely misses Ijyb.
The sling bullet hits the hobgoblin but does no damage.
You shoot a sling bullet. The sling bullet closely misses Ijyb.
Ijyb hits you but does no damage.
You shoot a sling bullet. The sling bullet barely misses Ijyb.
Ijyb hits you but does no damage.
The hobgoblin hits you but does no damage.
Ijyb hits you but does no damage.
You shoot a sling bullet. The sling bullet closely misses Ijyb.
The hobgoblin barely misses you. Ijyb hits you but does no damage.
You are cast into the Abyss!
This branch contains the abyssal rune of Zot.
Waypoint 3 assigned to Abyss:1.
Found a gateway leading deeper into the Abyss.
A sixfirhy comes into view.
You shoot a sling bullet. The sling bullet misses the sixfirhy.
You shoot a sling bullet.
The sling bullet closely misses the sixfirhy.
You shoot a sling bullet. The sling bullet hits the sixfirhy.
The sixfirhy is lightly wounded.
The sixfirhy hits you! The sixfirhy shocks you. You resist.
The sixfirhy hits you but does no damage.
The sixfirhy hits you. The sixfirhy shocks you. You resist.
The sixfirhy hits you! The sixfirhy shocks you. You resist.
The sixfirhy closely misses you.
You shoot a sling bullet. The sling bullet misses the sixfirhy.
You shoot a sling bullet. The sling bullet hits the sixfirhy.
The sixfirhy is lightly wounded.
You shoot a sling bullet.
The sling bullet closely misses the sixfirhy.
The sixfirhy hits you.
You die...

#### #.. #####
.##########
#..#..¤.¤.#......#
#.¤¤¤.¤.........#
##
¤...¤#.##..#.....#
. . }..#
##.###.##.#
.....¤.....#
##@..# ##~.
.¤###.#..###3.#
.....#.# #.# ...
..# ##...## #.#
... .... . #...#
#.........#.#
..###..........#.#
..#.. .#.. .....#
# .....# .. ...
....# ### # #..
... .


You could see a sixfirhy.

Vanquished Creatures
  Grinder (D:3)
  Jessica (D:3)
  6 adders
  A dart slug (D:2)
  An orc (D:3)
  7 ball pythons
  7 bats
  8 endoplasms
  7 goblins
  7 hobgoblins
  3 jackals (D:1)
  A quokka (D:1)
  8 frilled lizards
  7 kobolds
  6 rats
71 creatures vanquished.

Notes
Turn   | Place    | Note
-------+----------+-------------------------------------------
     0 | D:1      | qw the Gargoyle Hexslinger began the quest for the Orb.
     0 | D:1      | Reached XP level 1. HP: 12/12 MP: 2/2
     0 | D:1      | 0 ||| qw: Version: 0.3-a-46-gb1f654a
     0 | D:1      | 0 ||| qw: Game counter: 2848
     0 | D:1      | 0 ||| qw: Melee chars always use a shield: true
     0 | D:1      | 0 ||| qw: God list: Okawaru
     0 | D:1      | 0 ||| qw: Allow faded altars: false
     0 | D:1      | 0 ||| qw: Do Orc after clearing Dungeon:15 true
     0 | D:1      | 0 ||| qw: Do second Lair branch before Depths: true
     0 | D:1      | 0 ||| qw: Lair rune preference: random
     0 | D:1      | 0 ||| qw: Goals: Normal
     0 | D:1      | 0 ||| PLANNING D:1-11
   109 | D:1      | Reached XP level 2. HP: 16/16 MP: 3/3
   134 | D:1      | Reached skill level 3 in Ranged Weapons
   307 | D:1      | Reached XP level 3. HP: 21/21 MP: 4/4
   339 | D:1      | Found a faded altar of an unknown god.
   612 | D:1      | 612 ||| UPGRADING to +0 ring mail.
   622 | D:1      | 622 ||| DROPPING +0 robe.
   623 | D:1      | 623 ||| UPGRADING to +0 pair of gloves.
   628 | D:1      | 628 ||| READING scroll labelled HOECLY KOLAF.
   629 | D:1      | 629 ||| READING scroll labelled EHOSI ZIXT.
   630 | D:1      | 630 ||| DROPPING scroll of poison.
   760 | D:2      | Reached skill level 1 in Armour
   851 | D:2      | Reached XP level 4. HP: 20/26 MP: 5/5
  1171 | D:2      | Reached skill level 4 in Ranged Weapons
  1469 | D:2      | 1469 ||| READING scroll labelled QUOBUW ITWYKH.
  1470 | D:2      | 1470 ||| READING scroll labelled SUUFFI JATOBLU.
  1498 | D:3      | 1498 ||| STAIRDANCE
  1509 | D:2      | 1509 ||| FLEEEEING.
  1510 | D:2      | 1510 ||| FLEEEEING.
  1538 | D:3      | Noticed Jessica
  1543 | D:3      | Killed Jessica
  1544 | D:3      | Reached XP level 5. HP: 25/30 MP: 6/6
  1545 | D:3      | 1545 ||| FLEEEEING.
  1546 | D:3      | 1546 ||| FLEEEEING.
  1547 | D:3      | 1547 ||| FLEEEEING.
  1548 | D:3      | 1548 ||| FLEEEEING.
  1549 | D:3      | 1549 ||| STAIRDANCE
  1605 | D:3      | Noticed Grinder
  1615 | D:3      | Killed Grinder
  1616 | D:3      | Reached skill level 6 in Ranged Weapons
  1616 | D:3      | Reached XP level 6. HP: 32/35 MP: 7/7
  1812 | D:3      | Noticed Ijyb
  1819 | Abyss:1  | Cast into level 1 of the Abyss (Ijyb)
  1857 | Abyss:1  | Noticed a sixfirhy
  1860 | Abyss:1  | HP: 6/35 [sixfirhy (9)]
  1863 | Abyss:1  | Slain by a sixfirhy

Levels and vault maps discovered:
D:1:      dpeg_arrival_rooms_a, layout_rooms,
          shapermc_ecumenical_altar_hornbeckon, minmay_misc_feat_plants
D:2:      layout_basic, kennysheep_generic_room_3
D:3:      layout_rooms, grunt_gozag_statues, cheibrodos_worm_habitat,
          kennysheep_generic_room_13, uniq_jessica, uniq_ijyb, uniq_grinder
Abyss:1:  base:
D:2

Skill      XL: |  1  2  3  4  5 |
---------------+----------------+-----
Ranged Weapons | 3 4 6 |  6.2
Fighting       | 2 |  2.3
Armour         | 1 |  1.2
Dodging        | |  1.5
Spellcasting   | |  1.0
Hexes          | |  2.6

Action                     |  1- 3 |  4- 6 || total
---------------------------+-------+-------++-------
   Fire: Sling             |   129 |   137 ||   266
    Use: Scroll            |     2 |     2 ||     4
 Armour: Robe              |    17 |       ||    17
         Ring mail         |    25 |    44 ||    69
  Dodge: Dodged            |    69 |    41 ||   110

Table legend:
 A = Non-vault XP
 B = Vault XP
 C = Vault XP percentage of total XP
 D = Non-vault monster count
 E = Vault monster count
 F = Vault count percentage of total count
                 A         B        C        D         E       F
            +---------+---------+-------+---------+---------+-------
      Total |     182 |     296 |  61.9 |      68 |       3 |   4.2
            +---------+---------+-------+---------+---------+-------
        D:1 |      51 |       0 |   0.0 |      32 |       0 |   0.0
        D:2 |      99 |       1 |   1.0 |      23 |       1 |   4.2
        D:3 |      32 |     295 |  90.2 |      13 |       2 |  13.3
            +---------+---------+-------+---------+---------+-------
